 Dungeon Crawl Stone Soup version 0.30-a0-936-ge0d47acfc0 (webtiles) character file.

Game seed: 3108883386650191235

170 Conn the Firebug (level 5, -17/31 HPs)
             Began as an Octopode Fire Elementalist on Mar 24, 2023.
             Killed by an exploding Ijyb (30 damage)
             ... ignited by their inner flame
             ... on level 3 of the Dungeon.
             The game lasted 00:03:26 (1880 turns).

Conn the Firebug (Octopode Fire Elementalist)       Turns: 1880, Time: 00:03:29

Health: -17/31     AC:  1    Str:  7    XL:     5   Next: 50%
Magic:  0/9        EV: 13    Int: 19    God:
Gold:   92         SH:  0    Dex: 13    Spells: 4/10 levels left

rFire   . . .      SeeInvis .    e - +0 dagger
rCold   . . .      Faith    .    (no shield)
rNeg    . . .      Spirit   .    (helmet restricted)
rPois   .          Reflect  .    (no amulet)
rElec   .          Rampage  .    (no ring)
rCorr   .                        (no ring)
Will    .....                    (no ring)
Stlth   +++                      (no ring)
HPRegen 0.25/turn                (no ring)
MPRegen 0.11/turn                (no ring)
                                 (no ring)
                                 (no ring)

@: no status effects
A: almost no armour, amphibious, 8 rings, camouflage 1, gelatinous body 1,
(nimble swimmer 1), tentacles
a: no special abilities


You were on level 3 of the Dungeon.
You visited 1 branch of the dungeon, and saw 3 of its levels.

You collected 92 gold pieces.

Inventory:

Hand Weapons
 e - a +0 dagger (weapon)
Wands
 g - a wand of polymorph (10)
Scrolls
 d - 2 scrolls of identify {unknown}
 j - a scroll of magic mapping {unknown}
Potions
 a - a potion of magic
 b - 2 potions of curing
 c - a potion of mutation {unknown}
 f - a potion of brilliance {unknown}
 h - a potion of lignification {unknown}
 i - a potion of ambrosia {unknown}


   Skills:
 + Level 2.2 Dodging
 + Level 3.0 Stealth
 + Level 3.0 Spellcasting
 + Level 1.6 Conjurations
 + Level 4.9 Fire Magic


You had 4 spell levels left.
You knew the following spells:

 Your Spells              Type           Power      Damage    Failure   Level
a - Foxfire               Conj/Fire      60%        2x1d7     3%          1
b - Scorch                Fire           42%        2d7       3%          2
c - Inner Flame           Hex/Fire       12%        N/A       16%         3

Your spell library contained the following spells:

 Spells                   Type           Power      Damage    Failure   Level
 Kindle Blastsparks       Fire/Tloc/Air  18%        2d11      22%         3
 Flame Wave               Conj/Fire      15%        2d7       36%         4


Dungeon Overview and Level Annotations

Branches:
Dungeon (3/15)

Altars:


Innate Abilities, Weirdness & Mutations

You cannot wear most types of armour.
You are amphibious.
You can wear up to eight rings at the same time.
Your skin changes colour to match your surroundings (Stealth+).
Your rubbery body absorbs attacks. (AC +1, EV +1)
((You are camouflaged when in or above water. (Stealth+)))
You have tentacles for arms and can constrict up to eight enemies at once.


Message History

Ijyb is filled with an inner flame.
The kobold hits you with a +0 dagger.
Casting: Inner Flame (quite dangerous; 16% risk of failure)
Confirm with . or Enter, or press ? or * to list all spells.
You conjure some foxfire!
The kobold barely misses you.
Casting: Foxfire (safe; 4% risk of failure)
Confirm with . or Enter, or press ? or * to list all spells.
Flames lash Ijyb but do no damage.
The foxfire hits the kobold.
You kill the kobold!
The foxfire hits Ijyb.
Flame seeps out of Ijyb.
Ijyb is lightly wounded.
Ijyb is engulfed in blazing flames.
Flame seeps out of Ijyb.
Casting: Scorch (safe; 3% risk of failure)
Confirm with . or Enter, or press ? or * to list all spells.
You conjure some foxfire!
Ijyb hits you with a +0 club.
Your foxfire dissipates!
The foxfire hits Ijyb but does no damage.
Ijyb is heavily wounded.
Casting: Foxfire (safe; 3% risk of failure)
Confirm with . or Enter, or press ? or * to list all spells.
You conjure some foxfire!
Ijyb zaps a wand.
The puff of flame hits you!
The foxfire hits Ijyb.
Flame seeps out of Ijyb.
Ijyb is severely wounded.
Ijyb is engulfed in blazing flames.
Flame seeps out of Ijyb.
Ijyb drinks a potion.
Ijyb is healed!
Ijyb is engulfed in blazing flames.
Flame seeps out of Ijyb.
Ijyb grins evilly.
Casting: Foxfire (safe; 3% risk of failure)
Confirm with . or Enter, or press ? or * to list all spells.
You conjure some foxfire!
The foxfire hits Ijyb but does no damage.
Ijyb is almost dead.
The foxfire hits Ijyb but does no damage.
Ijyb is almost dead.
Casting: Foxfire (safe; 3% risk of failure)
Confirm with . or Enter, or press ? or * to list all spells.
You conjure some foxfire!
The foxfire hits Ijyb.
Ijyb explodes!
The fiery explosion engulfs you!!
Ouch! That really hurt!
You die...

#.. ... #.# #.# . # #.#
#.. #.#####.# #...#
###########.v@§§#v##.....#
#..[.....(#####§..)....#
#.##.......######.###....#
#.##.......'......# .##
#.##.......########
#.##.......# #.##...)...#
#.##)......# #)##########


There were no monsters in sight!

Vanquished Creatures
  Ijyb (D:3)
  Natasha (thrice) (D:2)
  A gnoll (D:1)
  4 adders
  2 dart slugs (D:1)
  A bat (D:1)
  An endoplasm (D:1)
  3 giant cockroaches
  3 goblins
  4 hobgoblins
  7 jackals
  4 ball pythons
  2 frilled lizards
  8 kobolds
  2 rats
46 creatures vanquished.

Vanquished Creatures (collateral kills)
  A foxfire (D:1)
1 creature vanquished.

Vanquished Creatures (others)
  154 foxfires
  A fungus (D:1)
  3 plants (D:1)
158 creatures vanquished.

Grand Total: 205 creatures vanquished

Notes
Turn   | Place    | Note
-------+----------+-------------------------------------------
     0 | D:1      | Conn the Octopode Fire Elementalist began the quest for the
                  | Orb.
     0 | D:1      | Reached XP level 1. HP: 11/11 MP: 3/3
   143 | D:1      | Found a faded altar of an unknown god.
   265 | D:1      | Reached XP level 2. HP: 17/17 MP: 0/5
   739 | D:1      | Reached XP level 3. HP: 21/21 MP: 6/6
  1171 | D:2      | Reached XP level 4. HP: 19/27 MP: 4/8
  1224 | D:2      | Reached skill level 4 in Fire Magic
  1286 | D:2      | Noticed Natasha
  1296 | D:2      | Killed Natasha
  1472 | D:2      | Noticed Natasha
  1475 | D:2      | Killed Natasha
  1476 | D:2      | Reached XP level 5. HP: 31/31 MP: 5/9
  1478 | D:2      | Noticed Natasha
  1483 | D:2      | Killed Natasha
  1718 | D:2      | Learned a level 2 spell: Scorch
  1722 | D:2      | Learned a level 3 spell: Inner Flame
  1865 | D:3      | Noticed Ijyb
  1880 | D:3      | Killed Ijyb
  1880 | D:3      | Killed by an exploding Ijyb... ignited by their inner flame

Illustrated notes

Levels and vault maps discovered:
D:1:      amcnicky_arrival_choice, layout_loops_cross,
          shapermc_ecumenical_altar_mp_ritualfount, st_stairs_3
D:2:      layout_rooms, dreamdust_princess_corridor, uniq_natasha
D:3:      layout_basic, uniq_sigmund, uniq_ijyb

Skill      XL: |  1  2  3  4  5 |
---------------+----------------+-----
Stealth        | 3 |  3.0
Fire Magic     | 4 |  4.9
Spellcasting   | 3 |  3.0
Dodging        | |  2.2
Conjurations   | |  1.6

Action                     |  1- 3 |  4- 6 || total
---------------------------+-------+-------++-------
  Melee: Unarmed           |     6 |       ||     6
         Punch             |     1 |       ||     1
         Constrict         |     4 |     3 ||     7
         Tentacles         |     4 |     2 ||     6
         Dagger            |     6 |     4 ||    10
   Cast: Foxfire           |    53 |    40 ||    93
         Inner Flame       |       |     1 ||     1
         Scorch            |       |     1 ||     1
    Use: Scroll            |       |     2 ||     2
         Potion            |       |     1 ||     1
   Stab: Sleeping          |     3 |       ||     3
 Armour: Skin              |     2 |       ||     2
  Dodge: Dodged            |     8 |     2 ||    10

Table legend: (Time is in decaauts)
 A = Elapsed time spent in this place.
 B = Non-inter-level travel time spent in this place.
 C = Inter-level travel time spent in this place.
 D = Time resting spent in this place.
 E = Time spent auto-exploring this place.
 F = Levels seen in this place.
 G = Mean time per level.
                   A        B        C        D        E       F      G
               +--------+--------+--------+--------+--------+-----+--------+
         Total |   1879 |   1856 |     23 |      0 |   1500 |   3 |  626.3 |
       Dungeon |   1879 |   1856 |     23 |      0 |   1500 |   3 |  626.3 |
               +--------+--------+--------+--------+--------+-----+--------+

Top non-repeatable levels by time:
     D:1: 1027 daAuts
     D:2: 710 daAuts
     D:3: 140 daAuts
